 Dungeon Crawl Stone Soup version 0.24.0-123-gd5b16e6ec5 (webtiles) character file.

Game seed: 1891694372986660519, levelgen mode: deterministic

6437 FishyPogo the Protected (level 10, -1/136 HPs)
             Began as a Minotaur Chaos Knight on Dec 29, 2019.
             Was a Plaything of Xom.
             Slain by a hornet (4 damage)
             ... on level 9 of the Dungeon.
             The game lasted 00:28:54 (7414 turns).

FishyPogo the Protected (Minotaur Chaos Knight)     Turns: 7414, Time: 00:28:55

Health: -1/136     AC: 13    Str: 29    XL:     10   Next: 67%
Magic:  10/10      EV: 12    Int: 12    God:    Xom [.....*]
Gold:   573        SH:  0    Dex: 10    Spells: 9/9 levels left

rFire    x . .     SeeInvis .   X - +3 mace "Fuwkegh" {drain, rF- rC+ Str+4 Int+3}
rCold    + . .     Gourm    .   (no shield)
rNeg     . . .     Faith    .   J - +2 scale mail
rPois    +         Spirit   .   (helmet unavailable)
rElec    .         Reflect  .   (no cloak)
rCorr    +         Harm     .   U - +1 pair of gloves
MR       .....                  (no boots)
Stlth    ..........             s - amulet of magic regeneration
HPRegen  0.72/turn              x - ring of poison resistance
MPRegen  0.37/turn              V - ring of resist corrosion

@: berserking, slowed, studying Slings
A: retaliatory headbutt, horns 3, regeneration 1, evolution 1
a: Renounce Religion


You were on level 9 of the Dungeon.
You worshipped Xom.
You were Xom's teddy bear.
You were not hungry.

You visited 1 branch of the dungeon, and saw 9 of its levels.

You collected 573 gold pieces.

Inventory:

Hand Weapons
 a - a +0 hand axe of electrocution
 b - a +0 hunting sling
 P - a +0 hand axe of chaos
 X - the +3 mace "Fuwkegh" (weapon) {drain, rF- rC+ Str+4 Int+3}
   (You found it on level 9 of the Dungeon)

   A truly terrible weapon, it drains the life of those it strikes.
   It affects your strength (+4).
   It affects your intelligence (+3).
   It makes you vulnerable to fire.
   It protects you from cold.
Missiles
 d - 285 stones
 m - 21 poisoned darts (quivered)
 C - 8 boomerangs
 O - 31 sling bullets
 T - 3 atropa-tipped darts
Armour
 e - a +1 hat
 g - a +2 leather armour
 J - a +2 scale mail (worn)
 K - a +2 shield
 R - a +1 leather armour of fire resistance
 U - a +1 pair of gloves (worn)
Jewellery
 o - an uncursed ring of positive energy
 s - an amulet of magic regeneration (around neck)
 t - a +4 ring of evasion
 x - a ring of poison resistance (left hand)
 L - an uncursed ring of ice
 V - a ring of resist corrosion (right hand)
Wands
 f - a wand of polymorph (6)
 v - a wand of paralysis (11)
 w - a wand of scattershot (7)
 M - a wand of acid (4)
Scrolls
 h - 2 scrolls of enchant weapon {unknown}
 j - 2 scrolls of fear {unknown}
 l - 2 scrolls of enchant armour {unknown}
 n - 3 scrolls of amnesia {unknown}
 p - 4 scrolls of remove curse
 q - 10 scrolls of identify {unknown}
 r - 3 scrolls of magic mapping {unknown}
 y - a scroll of fog {unknown}
 z - 2 scrolls of teleportation {unknown}
 D - a scroll of random uselessness {unknown}
 H - a scroll of noise {unknown}
 N - a scroll of brand weapon {unknown}
Potions
 i - 3 potions of agility {unknown}
 k - 4 potions of curing {unknown}
 u - a potion of cancellation {unknown}
 B - a potion of mutation {unknown}
 E - a potion of flight {unknown}
 F - 2 potions of heal wounds {unknown}
 G - a potion of magic {unknown}
 Q - a potion of brilliance
 S - 2 potions of haste {unknown}
Books
 I - a manual of Slings
Comestibles
 c - 24 rations
 W - 3 chunks of flesh


   Skills:
 - Level 9.0 Fighting
 + Level 8.7 Axes
 - Level 6.6(7.0) Slings
 - Level 3.0(4.9) Throwing
 - Level 10.0 Armour
 - Level 5.0 Dodging
 * Level 8.6 Shields
 - Level 2.0 Evocations


You had 9 spell levels left.
You didn't know any spells.
Your spell library was empty.

Dungeon Overview and Level Annotations

Branches:
Dungeon (9/15)             Temple (0/1) D:6
   Lair: D:8-11         Orc: D:9-12

Altars:
Hepliaklqana
Okawaru
Ru
Uskayaw
Xom
Yredelemnul
Zin

Shops:
D:9 [}

Annotations:
D:4 2 transporters


Innate Abilities, Weirdness & Mutations

You reflexively headbutt those who attack you in melee.
You have a pair of large horns on your head.
Your natural rate of healing is unusually fast.
You evolve.


Message History

The hornet stings you!
* * * LOW HITPOINT WARNING * * *
You closely miss the hornet. You headbutt the hornet.
The hornet is almost dead.
The hornet barely misses you.
You miss the hornet.
The hornet is almost dead.
The hornet stings you.
* * * LOW HITPOINT WARNING * * *
You hit the hornet.
You kill the hornet!
You feel sick.
You are no longer poisoned.
You sock the hornet!
The hornet is severely wounded.
The hornet seems less drained.
The hornet stings you!
* * * LOW HITPOINT WARNING * * *
You feel yourself slow down. The hornet stings you.
You die...
Xom is highly amused!

#.## #..>#
#.# #####
#.# ## #.#
#.# ## #.#
##y#y# #.#
#_#†## #.#
#.#y# #.#
#.#y## #.#
###@### #.#
#..#..# #.#
##_._## #.#
##.### #.#
#._#
#.#######.##
#.........#
###########


You could see 2 hornets.

Vanquished Creatures
  A hornet (D:9)
  A hippogriff (D:8)
  3 yaks (D:9)
  Grum (D:8)
  A water moccasin (D:9)
  3 orc warriors
  2 slaves (D:6)
  A sky beast (D:6)
  4 ice beasts
  A phantom (D:7)
  4 wolves (D:8)
  6 ogres
  5 centaurs
  A big kobold (D:8)
  Blork the orc (D:6)
  6 bullfrogs
  2 gnoll sergeants (D:6)
  3 scorpions
  2 howler monkeys (D:9)
  3 crimson imps
  A quasit (D:9)
  A centaur zombie (D:7)
  2 hounds
  6 orc priests
  2 gnoll shamans
  A jelly (D:8)
  3 orc wizards
  Jessica (D:3)
  A bullfrog skeleton (D:2)
  4 iguanas
  8 worker ants
  A killer bee zombie (D:7)
  A hound zombie (D:7)
  A hound skeleton (D:5)
  A worker ant zombie (D:7)
  14 adders
  7 gnolls
  A shadow imp (D:6)
  An ooze (D:3)
  3 worms
  A dart slug (D:2)
  3 leopard geckos
  30 orcs
  2 ball pythons (D:1)
  4 giant cockroaches
  13 goblins
  10 hobgoblins
  3 jackals (D:6)
  2 quokkas
  A ball python skeleton (D:4)
  5 bats
  6 frilled lizards
  11 kobolds
  A leopard gecko skeleton (D:8)
  8 rats
211 creatures vanquished.

Vanquished Creatures (collateral kills)
  A two-headed ogre (D:9)
  Pikel (D:6)
  2 yaks (D:9)
  2 slaves (D:6)
  A necrophage (D:9)
  A crimson imp (D:6)
  A giant cockroach (D:6)
9 creatures vanquished.

Vanquished Creatures (others)
  A two-headed ogre (D:9)
  The ghost of sneaky the Magician, a novice SpCj (D:6)
2 creatures vanquished.

Grand Total: 222 creatures vanquished

Notes
Turn   | Place    | Note
-------+----------+-------------------------------------------
     0 | D:1      | FishyPogo the Minotaur Chaos Knight began the quest for the
                  | Orb.
     0 | D:1      | Reached XP level 1. HP: 19/19 MP: 0/0
    41 | D:1      | XOM: silly message
   103 | D:1      | XOM: silly message
   325 | D:1      | XOM: silly message
   348 | D:1      | XOM: divination: detect creatures
   359 | D:1      | Found a glowing silver altar of Zin.
   362 | D:1      | Reached XP level 2. HP: 27/27 MP: 1/1
   797 | D:1      | XOM is BORED!
   797 | D:1      | XOM: noise
   805 | D:1      | XOM: silly message
   861 | D:2      | XOM: harmless Chrm miscast
   875 | D:2      | Reached skill level 3 in Armour
   875 | D:2      | Reached XP level 3. HP: 31/33 MP: 2/2
   970 | D:2      | XOM: god gift: ration
  1009 | D:2      | Reached XP level 4. HP: 37/41 MP: 3/3
  1022 | D:2      | XOM: divination: magic mapping
  1327 | D:2      | XOM: god gift: ration
  1453 | D:2      | Reached skill level 5 in Fighting
  1601 | D:2      | XOM: divination: detect creatures
  1746 | D:3      | Reached skill level 4 in Armour
  1814 | D:3      | Reached XP level 5. HP: 43/48 MP: 4/4
  2052 | D:3      | XOM is BORED!
  2052 | D:3      | XOM: medium Tloc miscast
  2082 | D:3      | XOM: noise
  2219 | D:3      | XOM: god gift: short sword {god gift}
  2327 | D:3      | XOM: scenery: create altars
  2380 | D:3      | Noticed Jessica
  2385 | D:3      | Killed Jessica
  2466 | D:4      | Noticed an ogre
  2477 | D:4      | XOM: cast spell 'Summon Mana Viper'
  2478 | D:4      | Killed an ogre
  2478 | D:4      | Reached XP level 6. HP: 46/57 MP: 5/5
  2481 | D:4      | Reached skill level 5 in Armour
  2483 | D:4      | XOM: scenery: create altars
  2484 | D:4      | Found a transporter.
  2623 | D:4      | XOM: cleaving
  2666 | D:4      | XOM: medium Ice miscast
  2696 | D:4      | XOM: harmless Tmut miscast
  2749 | D:4      | Reached skill level 5 in Axes
  2752 | D:4      | XOM: cloud trail
  2762 | D:4      | Found a transporter.
  2928 | D:4      | XOM: divination: detect creatures
  2931 | D:4      | Reached XP level 7. HP: 61/64 MP: 6/6
  3064 | D:5      | Entered Level 5 of the Dungeon
  3104 | D:5      | XOM: silly message
  3107 | D:5      | Reached skill level 1 in Throwing
  3107 | D:5      | Reached skill level 6 in Armour
  3367 | D:5      | Found a glowing silver altar of Zin.
  3474 | D:5      | XOM: god gift: 35 gold pieces
  3549 | D:5      | Reached XP level 8. HP: 73/73 MP: 7/7
  3791 | D:6      | Noticed Blork the orc
  3804 | D:6      | Reached skill level 7 in Armour
  3806 | D:6      | Found a hide-covered altar of Uskayaw.
  3813 | D:6      | XOM: divination: detect items
  3842 | D:6      | XOM: cast spell 'Summon Small Mammal'
  3849 | D:6      | Killed Blork the orc
  4118 | D:6      | Found a basalt altar of Yredelemnul.
  4161 | D:6      | Noticed Pikel
  4164 | D:6      | XOM: summons friendly iron imp
  4178 | D:6      | Killed Pikel
  4178 | D:6      | Reached skill level 1 in Evocations
  4187 | D:6      | Found a transporter.
  4187 | D:6      | Found a transporter.
  4306 | D:6      | XOM: cloud trail
  4315 | D:6      | Noticed sneaky's ghost (novice SpCj)
  4319 | D:6      | Reached skill level 5 in Dodging
  4331 | D:6      | Killed sneaky's ghost
  4331 | D:6      | XOM: divine lightning
  4352 | D:6      | Reached skill level 8 in Armour
  4352 | D:6      | Reached XP level 9. HP: 37/82 MP: 9/9
  4616 | D:6      | Reached skill level 1 in Slings
  4650 | D:6      | Found a staircase to the Ecumenical Temple.
  5213 | D:7      | XOM: confusion (+ monsters)
  5277 | D:7      | XOM: noise
  5280 | D:7      | Reached skill level 5 in Slings
  5280 | D:7      | Reached skill level 9 in Armour
  5461 | D:7      | XOM: summons 3 hostile shadow creatures
  5467 | D:7      | Reached skill level 1 in Shields
  5480 | D:7      | XOM: summons 4 hostile demons
  6067 | D:8      | XOM: god gift: ration
  6069 | D:8      | XOM: harmless Summ miscast
  6277 | D:8      | XOM: scenery: create altars
  6352 | D:8      | Reached XP level 10. HP: 91/91 MP: 10/10
  6382 | D:8      | Noticed Grum
  6392 | D:8      | Killed Grum
  6529 | D:8      | XOM: scenery: create altars
  6553 | D:8      | XOM: give mutations
  6553 | D:8      | Gained mutation: You are somewhat resistant to further
                  | mutation. [Xom's grace]
  6553 | D:8      | Lost mutation: You are somewhat resistant to further
                  | mutation. [Xom's grace]
  6553 | D:8      | Gained mutation: You evolve. [Xom's grace]
  6553 | D:8      | Gained mutation: You have a pair of large horns on your
                  | head. [Xom's grace]
  6553 | D:8      | Gained mutation: Your natural rate of healing is unusually
                  | fast. [Xom's grace]
  6585 | D:9      | Reached skill level 5 in Shields
  6599 | D:9      | Reached skill level 10 in Armour
  6634 | D:9      | Noticed a two-headed ogre
  6637 | D:9      | XOM: enchant monster (good)
  6645 | D:9      | XOM: cast spell 'Summon Horrible Things'
  6647 | D:9      | Killed a two-headed ogre
  6827 | D:9      | XOM: cloud trail
  6875 | D:9      | Found Ymmeahedac's Armour Shoppe.
  6887 | D:9      | XOM: scenery: create altars
  6908 | D:9      | XOM: summons 9 friendly demons
  7017 | D:9      | XOM: stat loss: -1 Int (8/9)
  7050 | D:9      | Found Maedd's Gadget Shoppe.
  7051 | D:9      | Noticed a two-headed ogre
  7056 | D:9      | Killed a two-headed ogre
  7056 | D:9      | XOM: divine lightning
  7075 | D:9      | Got a jewelled mace
  7076 | D:9      | Identified the +3 mace "Fuwkegh" {drain, rF- rC+ Str+4
                  | Int+3} (You found it on level 9 of the Dungeon)
  7240 | D:9      | XOM: cloud trail
  7339 | D:9      | Found a hazy altar of Hepliaklqana.
  7339 | D:9      | Found a sacrificial altar of Ru.
  7340 | D:9      | Found an iron altar of Okawaru.
  7407 | D:9      | XOM: scenery: create altars
  7414 | D:9      | HP: 3/136 [hornet (10)]
  7414 | D:9      | Slain by a hornet

Levels and vault maps discovered:
D:1:      grunt_arrival_lava_bath, layout_loops_corners, minmay_hexomino_r4
D:2:      cheibrodos_greedy_goblins, layout_loops_ring
D:3:      layout_basic, uniq_jessica
D:4:      gammafunk_wand_slinger, layout_loops_ring
D:5:      layout_rooms, kennysheep_mini, first_ration, st_stairs_10
D:6:      layout_rooms, yredelemnul_altar_generic,
          eat_drink_and_be_merry_uskayaw, minmay_temple_entry_crystal_x,
          gammafunk_ghost_gnarly_gnolls, minivault_5, uniq_pikel,
          uniq_blork_the_orc
D:7:      layout_basic, st_stairs_13
D:8:      layout_cave_pools, uniq_grum
D:9:      minmay_s_stair_smasher, layout_basic, gammafunk_temple_overflow_claw,
          serial_shops, shop, shop_statue, hangedman_pestilent_swarm

Skill      XL: |  1  2  3  4  5  6  7  8  9 10 |
---------------+-------------------------------+-----
Fighting       | 4 5 6 7 8 9 |  9.0
Axes           | 4 5 6 8 |  8.7
Armour         | 3 4 5 6 8 9 10 | 10.0
Dodging        | 2 3 4 5 |  5.0
Throwing       | 1 3 |  3.0
Evocations     | 2 |  2.0
Slings         | 6 |  6.6
Shields        | 4 8 |  8.6

Action                   |  1- 3 |  4- 6 |  7- 9 | 10-12 || total
-------------------------+-------+-------+-------+-------++-------
Melee: Hand axe          |    56 |   119 |   256 |    57 ||   488
       Headbutt          |     3 |    11 |    43 |    22 ||    79
       Mace              |       |       |       |    43 ||    43
 Fire: Hunting sling     |       |       |    23 |       ||    23
Throw: Stone             |       |     2 |     3 |       ||     5
       Dart              |       |       |    23 |     7 ||    30
  Use: Scroll            |       |       |     1 |       ||     1
       Potion            |       |       |     2 |     1 ||     3
 Stab: Petrified         |       |       |       |     4 ||     4
       Distracted        |       |       |       |     1 ||     1
  Eat: Chunk             |       |     6 |    11 |     4 ||    21
Armor: Leather armour    |    16 |    28 |    24 |       ||    68
       Scale mail        |       |       |    55 |    26 ||    81
Dodge: Dodged            |    41 |    90 |   219 |    52 ||   402
